 Dungeon Crawl Stone Soup version 0.18.1-6-gd335043 (webtiles) character file.

174392 mistymad the Severer (level 17, -12/162 HPs)
             Began as a Minotaur Berserker on May 15, 2016.
             Was a High Priest of Trog.
             Drowned by a water elemental (13 damage)
             ... summoned by Ilsuiw
             ... on level 4 of the Shoals on May 16, 2016.
             The game lasted 03:47:16 (33687 turns).

mistymad the Severer (Minotaur Berserker)          Turns: 33687, Time: 03:47:17

Health: -12/162    AC: 35    Str: 26    XL:     17   Next: 20%
Magic:  0/7        EV: 11    Int:  3    God:    Trog [*****.]
Gold:   1396       SH: 14    Dex: 15    Spells: 0 memorised, 16 levels left

rFire  . . .     SeeInvis .     Q - +6 broad axe (antimagic)
rCold  . . .     Gourm    .     L - +3 plate armour of Tomuemu {rElec MR++}
rNeg   + . .     Faith    .     F - +0 shield of Orthodoxy {+Fly MR+++ rCorr Int-2}
rPois  .         Spirit   +     N - +2 hat of the Bear Spirit {Spirit, +Rage rN+ MR++}
rElec  +         Dismiss  .     j - +0 cloak
rCorr  +         Reflect  .     Y - +2 pair of gloves {Dex+3}
SustAt .         Harm     .     u - +0 pair of boots
MR     +++++     Clarity  +     d - amulet of regeneration
Stlth  ..........               G - +2 ring of evasion
                                C - +5 ring of protection

@: lethally poisoned (-12 -> -13), exhausted, engulfed (cannot breathe), slowed,
very slow, almost entirely resistant to hostile enchantments, extremely
unstealthy
A: retaliatory headbutt, horns 2, camouflage 1, blink, clarity
a: Blink, Berserk, Trog's Hand, Brothers in Arms, Burn Spellbooks, Renounce
Religion, Evoke Berserk Rage, Evoke Flight
}: 1/15 runes: gossamer


You were on level 4 of the Shoals.
You worshipped Trog.
Trog was extremely pleased with you.
You were hungry.

You visited 6 branches of the dungeon, and saw 28 of its levels.
You also visited: Sewer.

You collected 3018 gold pieces.
You spent 1622 gold pieces at shops.

Inventory:

Hand Weapons
 Q - a +6 antimagic broad axe (weapon)
Armour
 j - a +0 cloak (worn)
 u - a +0 pair of boots (worn)
 F - the +0 shield of Orthodoxy (worn) {+Fly MR+++ rCorr Int-2}
   (You found it on level 8 of the Lair of Beasts)

   It affects your intelligence (-2).
   It affects your resistance to hostile enchantments.
   It lets you fly.
   It protects you from acid and corrosion.
 L - the +3 plate armour of Tomuemu (worn) {rElec MR++}
   (You took it off an orc on level 8 of the Dungeon)

   It insulates you from electricity.
   It affects your resistance to hostile enchantments.
 N - the +2 hat of the Bear Spirit (worn) {Spirit, +Rage rN+ MR++}
   (You bought it in a shop on level 2 of the Orcish Mines)

   It protects you from negative energy.
   It affects your resistance to hostile enchantments.
   It lets you go berserk.
 Y - a +2 pair of gloves of dexterity (worn)
Jewellery
 d - an amulet of regeneration (around neck)
 s - an uncursed ring of protection from cold
 C - a +5 ring of protection (left hand)
 G - a +2 ring of evasion (right hand)
 K - an uncursed ring of see invisible
 O - an uncursed ring of stealth
Wands
 B - a wand of teleportation (3/9)
 J - a wand of iceblast (6/15)
 R - a wand of disintegration (0/24)
 S - a wand of digging (13/24)
 T - a wand of paralysis (10/24)
 V - a wand of confusion (20/48)
Scrolls
 b - a scroll of silence
 g - a scroll of magic mapping
 i - 11 scrolls of teleportation
 l - 6 scrolls of recharging
 o - 2 scrolls of noise
 p - 4 scrolls of immolation
 t - 2 scrolls of fog
 v - 8 scrolls of remove curse
 x - 2 scrolls of identify
 y - a scroll of holy word
 D - 3 scrolls of enchant weapon
 H - 6 scrolls of enchant armour
 I - 2 scrolls of fear
Potions
 a - 3 potions of cure mutation
 e - 2 potions of heal wounds
 f - 5 potions of might
 n - 3 potions of flight
 q - 5 potions of resistance
 w - 3 potions of agility
 z - 6 potions of curing
 A - 3 potions of haste
 U - a potion of invisibility
 W - a potion of beneficial mutation {unknown}
 X - a potion of berserk rage {unknown}
Miscellaneous
 P - a phial of floods
 Z - a phial of floods
Comestibles
 c - 14 bread rations
 h - 14 chunks of flesh
 k - 3 royal jellies
 m - 5 beef jerkies
 r - 16 meat rations
 E - 41 fruits
 M - a slice of pizza


   Skills:
 + Level 17.5 Fighting
 - Level 20.4 Axes
 + Level 17.0 Armour
 - Level 2.1 Dodging
 * Level 14.9 Shields
 + Level 6.8 Evocations


You had 16 spell levels left.
You didn't know any spells.

Dungeon Overview and Level Annotations

Branches:
Dungeon (9/15)             Temple (1/1) D:4            Lair (8/8) D:9
 Shoals (4/4) Lair:3       Spider (4/4) Lair:3        Slime (0/6) Lair:8
    Orc (2/2) D:9             Elf (0/3) Orc:2

Altars:
Ashenzari
Cheibriados
Dithmenos
Elyvilon
Fedhas
Gozag
Kikubaaqudgha
Makhleb
Nemelex Xobeh
Okawaru
Pakellas
Qazlal
Ru
Sif Muna
Trog
Vehumet
Xom
Yredelemnul
Zin
The Shining One
Beogh

Shops:
D:4 (   D:5 *   Orc:1 :   Orc:2 ([*:   Shoals:1 }

Annotations:
Shoals:4 Ilsuiw


Innate Abilities, Weirdness & Mutations

You reflexively headbutt those who attack you in melee.
You have a pair of horns on your head.
Your skin changes colour to match your surroundings (Stealth).
You can translocate small distances at will.
You possess an exceptional clarity of mind.


Message History

The snapping turtle bites you from afar!!
* * * LOW HITPOINT WARNING * * *
You continue eating.
* * * LOW HITPOINT WARNING * * *
Your lungs strain for air!
* * * LOW HITPOINT WARNING * * *
You feel sick. Ilsuiw closely misses you.
The merfolk javelineer hits you but does no damage.
The water elemental hits you. The water elemental barely misses you.
You furiously retaliate!
You headbutt the water elemental!
You block the merfolk javelineer's attack.
You block the snapping turtle's attack.
The merfolk javelineer hits you but does no damage.
The water elemental hits you.
Ilsuiw mumbles some strange words.
Ilsuiw flickers and vanishes!
Deactivating autopickup; reactivate with Ctrl-A.
The water elemental closely misses you.
You continue eating.
You die...

#≈≈≈≈≈(#....≈#..≈#))).#≈#[.≈≈..≈
#≈≈≈≈≈(#≈#.≈≈≈≈[≈#.(####≈#....≈#
#≈≈≈≈≈(#≈.≈≈##≈≈≈#.((..##≈≈≈≈≈##
#≈≈≈≈≈≈#≈≈#≈#≈.≈≈#[....<#######
#≈≈≈≈≈≈#≈≈≈≈≈.)#≈##.....#
#≈≈≈≈≈(##≈≈≈≈≈#≈####(.###
#≈≈≈≈≈≈≈##≈≈≈≈≈#################
#≈≈≈≈≈≈≈≈#######)t.....≈≈≈......
#≈≈≈≈≈≈≈≈(≈(((E@m.......≈≈......
#≈≈≈≈≈≈≈≈≈≈≈≈(.E{...............
#≈≈≈≈≈≈≈≈≈≈≈....m.....<.........
#≈≈≈≈≈≈≈≈≈(.(....(..............
#≈≈≈≈≈≈≈≈≈≈...........≈≈≈≈≈.....
#≈≈≈≈≈≈≈≈≈...........≈≈≈≈≈≈≈....
#≈≈≈≈≈≈≈≈(...######≈≈≈≈≈≈≈≈≈≈≈..
≈≈≈≈≈≈PP≈..#....≈##≈≈≈≈≈≈....≈.
≈≈≈≈≈≈P≈P≈#()#..≈≈##≈≈≈≈≈(.÷...


You could see 2 merfolk javelineers, a snapping turtle and 2 water elementals.

Vanquished Creatures
  A kraken (Shoals:2)
  Gastronok (Lair:2)
  The ghost of puimuR the Bludgeoner, a journeyman TrWr of the Shining One (Spider:4)
  3 emperor scorpions (Spider:4)
  Maud (Lair:4)
  Louise (Spider:3)
  An orc warlord (Orc:2)
  4 ghost moths
  Aizul (Spider:2)
  A spark wasp (Spider:4)
  6 merfolk javelineers
  7 merfolk impalers
  An ice dragon (Lair:2)
  5 merfolk aquamancers
  An entropy weaver (Spider:3)
  5 hydras
  Harold (Lair:4)
  An alligator snapping turtle (Shoals:2)
  3 catoblepae (Lair:8)
  A merfolk avatar (Shoals:4)
  12 death yaks (Lair:8)
  2 satyrs
  3 orc high priests (Orc:2)
  Sonja (Lair:2)
  Nergalle (Lair:2)
  A fire crab (Lair:8)
  8 sea snakes
  24 wolf spiders
  6 orb spiders
  7 orc knights
  3 oklob plants
  6 orc sorcerers
  2 hornets (Spider:4)
  8 fauns (Shoals:3)
  A cyclops (Shoals:3)
  4 manticores
  3 moths of wrath
  7 griffons
  3 black mambas
  3 water nymphs
  4 sirens
  14 elephants (Lair:7)
  A torpor snail (Spider:3)
  9 spiny frogs
  8 komodo dragons
  5 demonic crawlers
  6 rime drakes
  26 merfolk
  16 jumping spiders
  2 two-headed ogres
  6 trolls
  2 polar bears (Lair:1)
  4 boulder beetles (Spider:4)
  5 wind drakes
  26 blink frogs
  7 snapping turtles
  65 redbacks
  A spriggan (Lair:1)
  A wraith (D:9)
  46 yaks
  23 tarantellas
  22 water elementals
  4 basilisks
  A wyvern (Lair:8)
  8 hippogriffs
  7 wargs
  A soldier ant (D:8)
  11 water moccasins
  12 porcupines
  2 sky beasts
  2 ice beasts
  2 black bears
  30 orc warriors
  A wasp (Spider:4)
  6 ogres
  4 phantoms
  29 wolves
  24 crocodiles
  4 centaurs
  2 big kobolds (D:8)
  15 giant frogs
  A wyvern skeleton (D:6)
  2 scorpions
  A howler monkey (D:8)
  7 electric eels
  5 crimson imps
  A quasit (D:8)
  3 hounds
  2 jellies
  23 orc wizards
  A centaur skeleton (D:8)
  19 orc priests
  A giant frog skeleton (D:8)
  A gnoll shaman (D:6)
  Terence (D:3)
  10 iguanas
  6 worker ants
  17 sheep
  A hound zombie (D:8)
  Robin (D:2)
  9 gnolls
  14 adders
  65 river rats
  7 shadow imps
  An adder skeleton (D:4)
  3 worms
  A dart slug (D:3)
  7 giant geckos
  68 orcs
  11 ball pythons
  5 bats
  7 giant cockroaches
  14 goblins
  8 hobgoblins
  10 jackals
  7 quokkas
  A giant gecko skeleton (D:6)
  A giant gecko zombie (D:7)
  10 giant newts
  12 kobolds
  2 quokka zombies
  14 rats
  10 fungi
  28 plants
  3 tentacles (Shoals:2)
1036 creatures vanquished.

Vanquished Creatures (collateral kills)
  A hydra (D:8)
  An orb spider (Spider:4)
  A komodo dragon (Lair:2)
  A jumping spider (Spider:4)
  A wasp (Spider:4)
  A big kobold (D:8)
6 creatures vanquished.

Vanquished Creatures (others)
  A siren (Shoals:2)
  A jumping spider (Spider:4)
  A redback (Spider:4)
  4 fungi
  6 plants
  15 tentacles (Shoals:2)
  447 tentacle segments (Shoals:2)
475 creatures vanquished.

Grand Total: 1517 creatures vanquished

Notes
Turn   | Place    | Note
--------------------------------------------------------------
     0 | D:1      | mistymad the Minotaur Berserker began the quest for the Orb.
     0 | D:1      | Reached XP level 1. HP: 19/19 MP: 0/0
   348 | D:1      | Reached skill level 4 in Axes
   510 | D:1      | Reached XP level 2. HP: 27/27 MP: 1/1
  1336 | D:2      | Noticed Robin
  1339 | D:2      | Reached XP level 3. HP: 32/33 MP: 2/2
  1348 | D:2      | Reached ** piety under Trog
  1352 | D:2      | Killed Robin
  1593 | D:2      | Found a faded altar to an unknown god.
  1629 | D:2      | Found a sparkling altar of Nemelex Xobeh.
  2268 | D:2      | Reached skill level 5 in Axes
  2337 | D:2      | Reached XP level 4. HP: 40/40 MP: 3/3
  2343 | D:2      | Found a shimmering altar of Xom.
  2578 | D:3      | Noticed Terence
  2592 | D:3      | Killed Terence
  2807 | D:3      | Reached *** piety under Trog
  2807 | D:3      | Reached XP level 5. HP: 44/47 MP: 4/4
  3484 | D:4      | Found a glowing golden altar of the Shining One.
  3597 | D:4      | Reached skill level 5 in Fighting
  3597 | D:4      | Reached skill level 6 in Axes
  3660 | D:4      | Noticed an ogre
  3667 | D:4      | Killed an ogre
  3667 | D:4      | Reached XP level 6. HP: 23/56 MP: 5/5
  3814 | D:4      | Found a glowing drain.
  3821 | Sewer    | Entered a sewer
  4139 | Sewer    | Reached **** piety under Trog
  4737 | D:4      | Found a sacrificial altar of Ru.
  4792 | D:4      | Found a staircase to the Ecumenical Temple.
  4799 | Temple   | Entered the Ecumenical Temple
  5012 | D:4      | Reached skill level 1 in Shields
  5044 | D:4      | Found Zesahung's Weapon Boutique.
  5153 | D:4      | Reached skill level 7 in Axes
  5153 | D:4      | Reached XP level 7. HP: 62/62 MP: 6/6
  5235 | D:5      | Entered Level 5 of the Dungeon
  5239 | D:5      | Found Essukom's Assorted Antiques.
  5317 | D:5      | Reached skill level 5 in Armour
  5324 | D:5      | Gained mutation: You are covered in fur (AC +1). [mutagenic meat]
  5325 | D:5      | Gained mutation: Your muscles are strong. (Str +2) [mutagenic meat]
  5866 | D:5      | Noticed a two-headed ogre
  5876 | D:5      | Killed a two-headed ogre
  5876 | D:5      | Reached XP level 8. HP: 40/71 MP: 7/7
  6220 | D:5      | Bought a dented sapphire amulet for 150 gold pieces
  6607 | D:5      | Found a bloodstained altar of Trog.
  6679 | D:5      | Reached skill level 8 in Axes
  6862 | D:6      | Got a warped leather armour
  6873 | D:6      | Identified the +3 leather armour of Anahozeph {rPois Str+5 Slay+5} (You found it on level 6 of the Dungeon)
  7199 | D:6      | Reached ***** piety under Trog
  7313 | D:6      | Found a sacrificial altar of Ru.
  7314 | D:6      | Found an opulent altar of Gozag.
  7853 | D:7      | Reached skill level 5 in Shields
  8180 | D:7      | Reached skill level 9 in Axes
  8274 | D:7      | Reached XP level 9. HP: 79/81 MP: 8/8
  8574 | D:8      | Noticed an orc knight
  8575 | D:8      | Noticed a manticore
  8582 | D:8      | Received a gift from Trog
  8587 | D:8      | Killed an orc knight
  8593 | D:8      | Killed a manticore
  8772 | D:8      | Reached skill level 10 in Axes
  9035 | D:9      | Gained mutation: Your flesh is cold resistant. [mutagenic meat]
  9174 | D:9      | Reached XP level 10. HP: 78/91 MP: 3/9
  9244 | D:9      | Reached skill level 11 in Axes
  9286 | D:9      | Found a staircase to the Orcish Mines.
  9297 | D:9      | Reached skill level 10 in Fighting
  9672 | D:9      | Reached skill level 12 in Axes
  9712 | D:9      | Found a staircase to the Lair.
 10090 | D:8      | Reached skill level 10 in Armour
 10128 | D:8      | Got a heavily runed plate armour
 10141 | D:8      | Identified the +3 plate armour of Tomuemu {rElec MR++} (You took it off an orc on level 8 of the Dungeon)
 10270 | D:8      | Noticed a three-headed hydra
 10277 | D:8      | Killed a five-headed hydra
 10631 | D:9      | Reached XP level 11. HP: 101/101 MP: 3/10
 10664 | Lair:1   | Entered Level 1 of the Lair of Beasts
 10931 | Lair:1   | Reached skill level 13 in Axes
 11425 | Lair:1   | Received a gift from Trog
 11710 | Lair:1   | Reached skill level 14 in Axes
 12385 | Lair:2   | Noticed Nergalle
 12399 | Lair:2   | Killed Nergalle
 12437 | Lair:2   | Reached XP level 12. HP: 112/112 MP: 3/11
 12442 | Lair:2   | Noticed Gastronok
 12478 | Lair:2   | Killed Gastronok
 12478 | Lair:2   | Reached skill level 15 in Axes
 12781 | Lair:2   | Noticed Sonja
 12802 | Lair:2   | Killed Sonja
 13011 | Lair:2   | Noticed an ice dragon
 13030 | Lair:2   | Killed an ice dragon
 13224 | Lair:2   | Noticed an eight-headed hydra
 13231 | Lair:2   | Killed a ten-headed hydra
 13671 | Lair:3   | Found a staircase to the Shoals.
 13868 | Lair:3   | Found a hole to the Spider Nest.
 13913 | Lair:3   | Reached skill level 16 in Axes
 14202 | Lair:4   | Noticed Harold
 14220 | Lair:4   | Killed Harold
 14438 | Lair:4   | Received a gift from Trog
 14822 | Lair:4   | Noticed Maud
 14831 | Lair:4   | Killed Maud
 14831 | Lair:4   | Reached XP level 13. HP: 122/122 MP: 4/12
 15579 | Lair:5   | Reached skill level 17 in Axes
 16252 | Lair:5   | Found an opulent altar of Gozag.
 17682 | Lair:7   | Received a gift from Trog
 17758 | Lair:7   | Reached skill level 18 in Axes
 18267 | Lair:7   | Reached XP level 14. HP: 133/133 MP: 13/13
 18543 | Lair:8   | Entered Level 8 of the Lair of Beasts
 18854 | Lair:8   | Found a staircase to the Slime Pits.
 19294 | Lair:8   | Reached skill level 19 in Axes
 19356 | Lair:8   | Reached skill level 15 in Fighting
 19896 | Lair:8   | Got a twisted shield
 19908 | Lair:8   | Identified the +0 shield of Orthodoxy {+Fly MR+++ rCorr Int-2} (You found it on level 8 of the Lair of Beasts)
 20312 | Orc:1    | Entered Level 1 of the Orcish Mines
 20361 | Orc:1    | Received a gift from Trog
 20653 | Orc:1    | Found a roughly hewn altar of Beogh.
 20667 | Orc:1    | Reached ****** piety under Trog
 20697 | Orc:1    | Found a roughly hewn altar of Beogh.
 20698 | Orc:1    | Reached skill level 15 in Armour
 20902 | Orc:1    | Found Bonaun's Book Shop.
 21011 | Orc:2    | Entered Level 2 of the Orcish Mines
 21042 | Orc:2    | Found a staircase to the Elven Halls.
 21226 | Orc:2    | Noticed an orc warlord
 21252 | Orc:2    | Killed an orc warlord
 21359 | Orc:2    | Received a gift from Trog
 21941 | Orc:2    | Found Eblahex's General Store.
 21942 | Orc:2    | Found Faeluukh's Book Boutique.
 21944 | Orc:2    | Found Yliuzxic's Antique Armour Shop.
 21944 | Orc:2    | Found Dail's Antique Weapon Shop.
 21973 | Orc:2    | Bought the +2 hat of the Bear Spirit {Spirit, +Rage rN+ MR++} for 1094 gold pieces
 21996 | Orc:2    | Bought a pair of runed gloves for 126 gold pieces
 22025 | Orc:2    | Bought a wand of teleportation (3/9) for 252 gold pieces
 22206 | Orc:2    | Received a gift from Trog
 22516 | Orc:2    | Reached XP level 15. HP: 120/143 MP: 3/14
 22923 | Spider:1 | Entered Level 1 of the Spider Nest
 23369 | Spider:1 | Reached skill level 1 in Evocations
 23788 | Spider:1 | Killed a ghost moth
 23794 | Spider:1 | Gained mutation: Your skin changes colour to match your surroundings (Stealth). [mutagenic meat]
 23795 | Spider:1 | Gained mutation: Your spells are a little harder to cast, but a little more powerful. [mutagenic meat]
 23796 | Spider:1 | Lost mutation: You are covered in fur (AC +1). [mutagenic meat]
 23797 | Spider:1 | Gained mutation: You possess an exceptional clarity of mind. [mutagenic meat]
 23798 | Spider:1 | Lost mutation: Your muscles are strong. (Str +2) [mutagenic meat]
 23799 | Spider:1 | Lost mutation: Your spells are a little harder to cast, but a little more powerful. [mutagenic meat]
 24403 | Spider:2 | Noticed Aizul
 24492 | Spider:1 | Received a gift from Trog
 24678 | Spider:2 | Killed Aizul
 24678 | Spider:2 | Reached skill level 10 in Shields
 25334 | Spider:2 | Reached skill level 20 in Axes
 25495 | Spider:3 | Noticed Louise
 25529 | Spider:3 | Killed Louise
 26013 | Spider:3 | Got a jewelled ring mail
 26025 | Spider:3 | Identified the +4 ring mail of the Onion {Int+2 Dex+4} (You found it on level 3 of the Spider Nest)
 26515 | Spider:4 | Entered Level 4 of the Spider Nest
 26524 | Spider:4 | Received a gift from Trog
 27045 | Spider:4 | Killed a ghost moth
 27115 | Spider:4 | Lost mutation: Your flesh is cold resistant. [mutagenic meat]
 27117 | Spider:4 | Gained mutation: You can translocate small distances at will. [mutagenic meat]
 27196 | Spider:4 | Noticed puimuR's ghost (journeyman TrWr)
 27415 | Spider:4 | Killed puimuR's ghost
 27931 | Spider:4 | Reached XP level 16. HP: 147/152 MP: 6/18
 28881 | Spider:4 | Got a gossamer rune of Zot
 28982 | Spider:3 | Identified a scroll of acquirement
 29200 | Shoals:1 | Entered Level 1 of the Shoals
 29520 | Shoals:1 | Reached skill level 5 in Evocations
 29777 | Shoals:1 | Found Eroinu Buena's Gadget Boutique.
 31533 | Shoals:2 | Noticed a kraken
 31597 | Shoals:2 | Killed a kraken
 32848 | Shoals:3 | Reached XP level 17. HP: 144/161 MP: 5/20
 33130 | Shoals:4 | Entered Level 4 of the Shoals
 33490 | Shoals:4 | Received a gift from Trog
 33623 | Shoals:4 | Noticed Ilsuiw
 33686 | Shoals:4 | HP: 2/162 [drowned by a water elemental[Ilsuiw] (12)]
 33687 | Shoals:4 | Drowned by a water elemental

Skill      XL: |  1  2  3  4  5  6  7  8  9 10 11 12 13 14 15 16 17 |
---------------+----------------------------------------------------+-----
Axes           | 4 5 6 7 9 10 12 14 16 18 19 20 | 20.4
Fighting       | 4 5 6 7 9 10 12 13 14 15 16 17 | 17.5
Armour         | 3 4 6 7 9 10 11 13 14 15 16 17 | 17.0
Shields        | 1 3 5 6 9 12 14 | 14.9
Evocations     | 4 6 |  6.8
Dodging        | |  2.1

Action                   |  1- 3 |  4- 6 |  7- 9 | 10-12 | 13-15 | 16-18 || total
-------------------------+-------+-------+-------+-------+-------+-------++-------
Melee: Hand axe          |    96 |   224 |   197 |       |       |       ||   517
       Headbutt          |     7 |    43 |    55 |    95 |   363 |   210 ||   773
       Battleaxe         |       |       |    23 |   457 |   276 |       ||   756
       Executioner's axe |       |       |       |       |   146 |       ||   146
       Broad axe         |       |       |       |       |   871 |   755 ||  1626
Invok: Trog's Hand       |       |     1 |     2 |     9 |    10 |    12 ||    34
       Berserk           |       |       |     1 |     3 |     6 |     5 ||    15
       Brothers in Arms  |       |       |       |     2 |     2 |     5 ||     9
       Burn Spellbooks   |       |       |       |       |     3 |     1 ||     4
Evoke: Rod               |       |       |       |     1 |       |       ||     1
       Wand              |       |       |       |     5 |     7 |     3 ||    15
       Phial of floods   |       |       |       |       |     1 |     1 ||     2
  Use: Scroll            |       |    11 |     4 |     4 |    15 |     6 ||    40
       Potion            |       |       |       |     1 |     4 |     7 ||    12
 Stab: Paralysed         |       |       |       |       |       |     1 ||     1
  Eat: Chunk             |     4 |    10 |    15 |    20 |    48 |    27 ||   124
       Beef jerky        |       |       |     2 |       |       |       ||     2
       Pizza             |       |       |       |     1 |     9 |       ||    10
Armor: Ring mail         |    51 |    26 |       |       |       |       ||    77
       Animal skin       |     1 |       |       |       |       |       ||     1
       Plate armour      |       |    83 |    58 |   284 |   758 |   436 ||  1619
       Leather armour    |       |       |    30 |    26 |       |       ||    56
       Skin              |       |       |       |     1 |       |       ||     1
Dodge: Dodged            |    59 |    78 |    73 |   270 |   486 |   251 ||  1217
Block: Shield            |       |     5 |    84 |       |   485 |   506 ||  1080
